Map: Вечная империя РВ

Players

Doll

  • Race: Protoss Protoss
  • Spawn Location: 7:00

ИИ 1 (знаток) - Winner!

  • Race: Terran Terran
  • Spawn Location: 1:00

VOD

Have the link to the VOD?

Description

Time

  • Played on: May 5, 2020, 2:21 p.m.
  • Length: 4:21
Show
View Real Time Build Order
Export as new Build Order

Doll Protoss 

Build Orders:  

Get SALT Encoding   

  12  0:01  Probe  
  13  0:13  Probe  
  14  0:21  Pylon  
  14  0:26  Probe  
  15  0:40  Probe (Chrono Boost)  
  15  0:41  Gateway  
  16  0:49  Probe (Chrono Boost)  
  17  0:55  Gateway, Probe  
  17  1:03  Assimilator  
  18  1:08  Probe (Chrono Boost)  
  20  1:19  Pylon, Probe (Chrono Boost)  
  20  1:28  Zealot  
  22  1:34  Cybernetics Core  
  22  1:42  Zealot  
  24  1:49  Pylon  
  24  1:51  Probe  
  25  1:56  Zealot  
  27  2:02  Assimilator  
  27  2:05  Probe  
  28  2:11  Adept  
  28  2:13  Warp Gate  
  30  2:18  Probe  
  31  2:24  Adept  
  33  2:30  Probe  
  34  2:38  Pylon  
  34  2:42  Stalker  
  36  2:49  Probe  
  37  2:54  Adept  
Show
View Real Time Build Order
Export as new Build Order

ИИ 1 (знаток) Terran - Winner!

Build Orders:  

Get SALT Encoding   

  12  0:00  SCV  
  13  0:13  SCV  
  14  0:18  Supply Depot  
  14  0:25  SCV  
  15  0:40  SCV  
  15  0:42  Barracks  
  16  0:51  Refinery  
  16  0:52  SCV  
  17  1:04  SCV  
  18  1:16  SCV  
  19  1:21  Supply Depot  
  19  1:28  Marine  
  19  1:29  SCV  
  21  1:41  Orbital Command, Barracks  
  21  1:46  Marine  
  22  1:49  Refinery  
  22  2:05  Barracks Tech Lab  
  22  2:08  Supply Depot  
  22  2:24  Marauder  
  22  2:28  Marine  
  25  2:40  Supply Depot  
  25  2:44  Marine  
  25  2:46  Marine  
  27  3:01  SCV  
  27  3:03  Marauder  
  27  3:04  Marine  
  31  3:12  Engineering Bay  
  31  3:13  SCV  
  32  3:21  Marine  
  32  3:24  Marine  
  32  3:25  SCV  
  32  3:26  Supply Depot  
  35  3:37  SCV  
  35  3:39  Marine  
  37  3:42  Marauder  
  39  3:49  SCV  
  40  4:01  SCV  
Tags
 
Add a new tag
Caveats
  • Supply blocks, unpowered buildings, or Contaminate may cause inaccurate times.
  • Supply counts are checked every 10 seconds.